 Dungeon Crawl Stone Soup version 0.27.1-1-g398f81649c (webtiles) character file.

Game seed: 10738425306742354499

437 jlumianski the Chopper (level 6, -5/57 HPs)
             Began as a Deep Dwarf Fighter on Sept 13, 2021.
             Slain by an ogre (28 damage)
             ... on level 5 of the Dungeon on Sept 14, 2021.
             The game lasted 00:15:27 (3173 turns).

jlumianski the Chopper (Deep Dwarf Fighter)         Turns: 3173, Time: 00:15:27

Health: -5/57      AC: 12    Str: 20    XL:     6   Next: 69%
Magic:  3/3        EV: 11    Int: 10    God:
Gold:   178        SH: 10    Dex: 12    Spells: 5/5 levels left

rFire    . . .     SeeInvis .   a - +0 war axe
rCold    . . .     Faith    .   c - +0 kite shield
rNeg     + . .     Spirit   .   b - +0 scale mail
rPois    .         Reflect  .   u - +2 helmet
rElec    .         Harm     .   v - +1 cloak
rCorr    .         Rampage  .   (no gloves)
Will     .....                  (no boots)
Stlth    ..........             s - amulet of magic regeneration
HPRegen  0.00/turn              m - ring of positive energy
MPRegen  0.33/turn              x - +4 ring of evasion

@: no status effects
A: damage resistance, heal wounds, sense surroundings 1, no regeneration
a: Heal Wounds


You were on level 5 of the Dungeon.
You visited 1 branch of the dungeon, and saw 5 of its levels.

You collected 178 gold pieces.

Inventory:

Hand Weapons
 a - a +0 war axe (weapon)
 f - a +0 hunting sling
 i - a +1 whip of draining
 B - the +2 spear "Woxoykagg" {vorpal, Will++ Int-2 Dex+6}
   (You found it on level 4 of the Dungeon)

   It inflicts extra damage upon your enemies.
   Int:       It affects your intelligence (-2).
   Dex:       It affects your dexterity (+6).
   Will:      It greatly increases your willpower.
 G - a +0 hand crossbow
Missiles
 e - 44 poisoned darts (quivered)
 h - 5 curare-tipped darts
 j - 105 stones
 n - 27 bolts
 w - a throwing net
 y - 7 boomerangs
Armour
 b - a +0 scale mail (worn)
 c - a +0 kite shield (worn)
 u - a +2 helmet (worn)
 v - a +1 cloak (worn)
Jewellery
 m - a ring of positive energy (left hand)
 s - an amulet of magic regeneration (around neck)
 x - a +4 ring of evasion (right hand)
Wands
 A - a wand of paralysis (11)
Scrolls
 k - 2 scrolls of identify {unknown}
 p - a scroll of amnesia {unknown}
 q - a scroll of teleportation {unknown}
 t - a scroll of torment {unknown}
 C - 4 scrolls of vulnerability {unknown}
 D - a scroll of silence {unknown}
 E - a scroll of summoning {unknown}
 F - a scroll of fear
 I - a scroll of magic mapping {unknown}
Potions
 d - a potion of might
 g - a potion of haste {unknown}
 l - a potion of brilliance {unknown}
 o - a potion of berserk rage {unknown}
 r - a potion of attraction {unknown}
 z - a potion of curing {unknown}
 H - a potion of heal wounds {unknown}


   Skills:
 + Level 4.1 Fighting
 * Level 4.9 Axes
 + Level 0.1 Crossbows
 + Level 1.1 Throwing
 + Level 4.3 Armour
 + Level 0.6 Dodging
 + Level 0.4 Stealth
 + Level 4.7 Shields


You had 5 spell levels left.
You didn't know any spells.
Your spell library contained the following spells:

 Spells                   Type           Power      Damage    Failure   Level
 Animate Skeleton         Necr           0%         N/A       98%         1
 Pain                     Necr           0%         1d4       98%         1
 Vampiric Draining        Necr           0%         2d6       100%        3


Dungeon Overview and Level Annotations

Branches:
Dungeon (5/15)
 Temple: D:4-7

Altars:
Ashenzari
Cheibriados
Fedhas
Gozag
Vehumet


Innate Abilities, Weirdness & Mutations

You are resistant to damage.
You can heal yourself by infusing magical energy.
You passively map a small area around you.
You do not regenerate.


Message History

The orc priest calls down the wrath of Beogh upon you.
You resist with significant effort.
You hit the orc priest but do no damage.
The orc priest is almost dead.
The orc priest hits you with a +0 whip.
You closely miss the orc priest.
The orc priest is almost dead.
The orc priest hits you with a +0 whip.
The orc priest hits you but does no damage.
You slash the orc priest!
You kill the orc priest!
Your Fighting skill increases to level 4!
Things that are here:
a +0 whip; a +0 chain mail; an orc corpse
Things that are here:
a +0 whip; a +0 chain mail; an orc corpse
n - 25 bolts (gained 1)
Things that are here:
a +0 robe; a +0 dagger
e - 44 poisoned darts (gained 1);
n - 26 bolts (gained 1)
n - 27 bolts (gained 1)
Things that are here:
a +0 robe; a +0 dagger
Things that are here:
a +0 whip; a +0 chain mail; an orc corpse
Found 21 arrows.
An ogre comes into view. It is wielding a +0 giant spiked club.
You slash the ogre!
The ogre is heavily wounded.
The ogre misses you.
You slash the ogre!
The ogre is almost dead.
The ogre completely misses you.
Your shield and scale mail prevent you from hitting the ogre.
The ogre is almost dead.
You block the ogre's attack.
You hit the ogre but do no damage.
The ogre is almost dead.
The ogre hits you with a +0 giant spiked club!!
You die...

# #.#.##..#.(#* * * *
#[#.##..#..# ,
#.).##..#..# , ,
##..##..#..# * #.
#......#..#
#..####.###.....#
*#...>....<.....##
.........##.#..# ,
#######..##.#.@#
#.......O# *
#.###........#
#########.###.#.####.#
......<.......#.# *
#########.#####.#**, ,
, * #^# #. * * *#.# #.
,, , *..# ## ,**


You could see an ogre.

Vanquished Creatures
  A kobold brigand (D:4)
  2 hounds (D:4)
  A bullfrog zombie (D:4)
  An orc priest (D:5)
  A centaur skeleton (D:3)
  Terence (D:2)
  An orc wizard (D:5)
  A hound skeleton (D:4)
  5 adders
  6 dart slugs
  12 orcs
  7 endoplasms
  2 giant cockroaches (D:3)
  8 goblins
  10 hobgoblins
  3 jackals (D:1)
  A quokka (D:2)
  13 ball pythons
  2 bats
  4 frilled lizards
  5 kobolds
  6 rats
93 creatures vanquished.

Notes
Turn   | Place    | Note
-------+----------+-------------------------------------------
     0 | D:1      | jlumianski the Deep Dwarf Fighter began the quest for the
                  | Orb.
     0 | D:1      | Reached XP level 1. HP: 20/20 MP: 1/1
   181 | D:2      | Reached XP level 2. HP: 17/27 MP: 2/2
   425 | D:1      | Reached XP level 3. HP: 12/34 MP: 3/3
   999 | D:2      | Noticed Terence
  1022 | D:2      | Killed Terence
  1023 | D:2      | Reached XP level 4. HP: 22/42 MP: 3/3
  1204 | D:3      | Found a faded altar of an unknown god.
  1422 | D:3      | Found a broken altar of Ashenzari.
  1723 | D:2      | Reached XP level 5. HP: 11/49 MP: 4/4
  2162 | D:4      | Found an opulent altar of Gozag.
  2165 | D:4      | Found a snail-covered altar of Cheibriados.
  2165 | D:4      | Found a radiant altar of Vehumet.
  2169 | D:4      | Found a blossoming altar of Fedhas.
  2346 | D:4      | Identified the +2 spear "Woxoykagg" {vorpal, Will++ Int-2
                  | Dex+6}
  2622 | D:4      | Reached XP level 6. HP: 32/57 MP: 4/4
  2767 | D:4      | Reached skill level 1 in Throwing
  3088 | D:5      | Entered Level 5 of the Dungeon
  3173 | D:5      | Slain by an ogre

Illustrated notes

Levels and vault maps discovered:
D:1:      psy_arrival_statuary, layout_basic, minmay_misc_feat_ornament,
          serial_park_tiny_pond, st_stairs_14, minmay_unequal
D:2:      minmay_evil_eye, layout_loops_cross, uniq_terence
D:3:      layout_basic, ashenzari_altar_1,
          hellmonk_ecumenical_altar_prayer_group
D:4:      layout_loops_corners, grunt_temple_overflow_open, nrook_mini_vaults,
          minmay_misc_feat_encased
D:5:      layout_loops_ring, minitemple

Skill      XL: |  1  2  3  4  5  6 |
---------------+-------------------+-----
Fighting       | 3 4 |  4.1
Axes           | 3 4 |  4.9
Armour         | 4 |  4.3
Shields        | 4 |  4.7
Throwing       | 1 |  1.1
Crossbows      | |  0.1
Dodging        | |  0.6
Stealth        | |  0.4

Action                   |  1- 3 |  4- 6 || total
-------------------------+-------+-------++-------
Melee: War axe           |    78 |   199 ||   277
 Fire: Hand crossbow     |       |    10 ||    10
Throw: Dart              |    11 |    17 ||    28
 Abil: Heal Wounds       |     1 |     2 ||     3
  Use: Scroll            |       |     3 ||     3
Armor: Scale mail        |    25 |    86 ||   111
Dodge: Dodged            |    22 |    90 ||   112
Block: Kite shield       |    36 |    88 ||   124
